AoeStats
← Horizon

Arabia

507725273Analyzed
1v1 RM · 14d ago on Sep 19, 2026· 24m 43s· 2 players
Game mode
Random Map
Map size
Tiny (2 player)
Population
200
Speed
Normal
Resources
Standard
Victory
Conquest
Starting age
Dark Age
Ending age
Imperial Age
RankedLock teamsTeams togetherTeam positionsShared explorationLock speedFull tech treeHidden civsTurbo modeCheats
Victory
Defeat
🇵🇰 Bengalis · Pakistan
1491
+13
🇦🇷 Slavs · Argentina
1418
-13
pato_16_2
6:38 Loom
9:24 Feudal Age
9:51 Double-Bit Axe
13:36 Horse Collar
17:07 Fletching
18:27 Padded Archer Armor
23:24 Castle Age
21:41 Scale Barding Armor
22:48 Bloodlines
Horizon
5:45 Loom
5:52 Loom
9:17 Feudal Age
10:03 Man-at-Arms
12:03 Double-Bit Axe
14:03 Fletching
22:01 Castle Age
20:21 Horse Collar
22:38 Bodkin Arrow
22:13 Crossbowman
23:23 Bow Saw
23:48 Padded Archer Armor
Connection lost

Rejoining the realm…

Still unreachable

The connection could not be restored.

Session expired

The server has moved on; the page needs a fresh start.